 Dungeon Crawl Stone Soup version 0.31.0-9-g3a7656b989 (console) character file.

Game seed: 12365131993015413211

159 Colgate the Trooper (level 5, -4/48 HPs)
             Began as a Minotaur Chaos Knight on Jan 24, 2024.
             Was a Plaything of Xom.
             Slain by a gnoll
             ... wielding a +0 flail
              (9 damage)
             ... on level 3 of the Dungeon.
             The game lasted 00:02:29 (1992 turns).

Colgate the Trooper (Minotaur Chaos Knight)         Turns: 1992, Time: 00:02:29

Health: -4/48      AC:  5    Str: 19    XL:     5   Next: 17%
Magic:  3/3        EV: 11    Int:  9    God:    Xom [.*....]
Gold:   70         SH:  0    Dex:  9    Spells: 4/4 levels left

rFire   + . .        a - +0 hand axe (chaos)
rCold   . . .        (no shield)
rNeg    . . .        b - +2 leather armour
rPois   .            (helmet restricted)
rElec   .            (no cloak)
rCorr   .            (no gloves)
SInv    .            (no boots)
Will    .....        (no amulet)
Stlth   +            g - ring of protection from fire
HPRegen 0.28/turn    (no ring)
MPRegen 0.08/turn

%: no passive effects
@: lethally poisoned (-4 -> -9)
A: horns 2, retaliatory headbutt, low MP 1, no potion heal 1, persistent drain
a: Renounce Religion


You were on level 3 of the Dungeon.
You worshipped Xom.
You were a plaything of Xom.
You visited 1 branch of the dungeon, and saw 3 of its levels.

You collected 70 gold pieces.

Inventory:

Hand Weapons
 a - a +0 hand axe of chaos (weapon)
Armour
 b - a +2 leather armour (worn)
Jewellery
 g - a ring of protection from fire (left hand)
 j - a ring of resist corrosion
Scrolls
 c - a scroll of butterflies
 d - a scroll of blinking {unknown}
 e - a scroll of enchant weapon {unknown}
 f - a scroll of fear {unknown}
 h - a scroll of teleportation {unknown}
 k - 2 scrolls of torment
 l - a scroll of vulnerability {unknown}
 n - a scroll of acquirement {unknown}
 o - a scroll of revelation
Potions
 i - 2 potions of curing {@q1}
 m - a potion of enlightenment {unknown}
 p - a potion of degeneration {unknown}
 q - a potion of heal wounds {unknown}
 r - a potion of haste {unknown}


   Skills:
 + Level 5.1 Fighting
 + Level 5.0 Axes
 + Level 4.2 Armour
 - Level 1.1 Dodging


You had 4 spell levels left.
You didn't know any spells.
Your spell library was empty.

Dungeon Overview and Level Annotations

Branches:
Dungeon (3/15)

Altars:
Gozag

Shops:
D:1 !


Innate Abilities, Weirdness & Mutations

You have a pair of horns on your head.
You reflexively headbutt those who attack you in melee.
Your magical capacity is low. (-10% MP)
Potions are less effective at restoring your health.
Your health recovers twice as slowly from being drained.


Message History

A gnoll is wielding a +1 halberd of venom.
Found 15 gold pieces.
Found a stone staircase leading down.
The gnoll hits you with a +0 halberd!
A shower of butterflies erupts from you!
There are monsters nearby!
You hit the gnoll. You burn the gnoll. You headbutt the gnoll!
The gnoll hits your butterfly with a +1 halberd of venom.
Your butterfly dies!
Your butterfly disappears in a puff of smoke!
The gnoll hits you with a +0 halberd!
There are monsters nearby!
You are too injured to fight recklessly!
There are monsters nearby!
You are too injured to fight recklessly!
There are monsters nearby!
You are too injured to fight recklessly!
There are monsters nearby!
You are too injured to fight recklessly!
There are monsters nearby!
You are too injured to fight recklessly!
There are monsters nearby!
The gnoll closely misses you. You furiously retaliate!
You headbutt the gnoll!
You kill the gnoll!
The gnoll closely misses you.
The gnoll hits you with a +1 halberd of venom.
You hit the gnoll.
The gnoll suddenly seems more resistant.
The gnoll hits you with a +1 halberd of venom!
* * * LOW HITPOINT WARNING * * *
You are lethally poisoned!
You slash the gnoll! You headbutt the gnoll.
You kill the gnoll!
* * * LOW HITPOINT WARNING * * *
You feel very sick.
Your Axes skill increases to level 5!
You barely miss the gnoll.
* * * LOW HITPOINT WARNING * * *
You feel very sick. The gnoll hits you with a +0 flail!
You die...

### ### ***
#.########.#*******,*
#..........#,,,,,,,,*
#.########.#,******,*
#######.# #.#,# *,* #.......#
####.#.## *,*
#.###########.).....# *,*
#.#..##.....g@......# *,*
#.#..##.#####.bb....# *,*
#.#..#*,****#.......# *,*
####.#..#*,,,,,...b....# *,*
...#.#..########......[#****,*
..................$..>...,,,,*
.#.#.#..#.########.##..##*****
...#.#..#.#......,..,..#
##.#.#..#.#.....,,,*,,,*
...#.#..#.#....#####,,,*
####.#..#.#.........,,,*


You could see a gnoll.

Vanquished Creatures
  A bombardier beetle (D:3)
  An orc wizard (D:3)
  2 gnolls (D:3)
  2 adders
  2 ribbon worms (D:2)
  2 dart slugs (D:1)
  3 orcs (D:3)
  8 ball pythons
  4 bats
  7 endoplasms
  2 giant cockroaches
  2 goblins (D:2)
  4 hobgoblins
  2 kobolds (D:1)
  2 quokkas
  A frilled lizard (D:3)
  5 rats
50 creatures vanquished.

Notes
Turn   | Place    | Note
-------+----------+-------------------------------------------
     0 | D:1      | Colgate the Minotaur Chaos Knight began the quest for the
                  | Orb.
     0 | D:1      | Reached XP level 1. HP: 19/19 MP: 0/0
   136 | D:1      | Reached XP level 2. HP: 19/27 MP: 1/1
   476 | D:1      | XOM: silly message
   554 | D:1      | Found Rakowec's Distillery.
   688 | D:2      | Reached XP level 3. HP: 33/33 MP: 2/2
   688 | D:2      | XOM: confusion (+ monsters)
   793 | D:2      | Found an opulent altar of Gozag.
  1234 | D:2      | XOM: give mutation
  1234 | D:2      | Gained mutation: Your magical capacity is low. (-10% MP)
                  | [Xom's mischief]
  1269 | D:2      | XOM: cloud trail
  1483 | D:3      | Reached XP level 4. HP: 16/41 MP: 2/2
  1492 | D:3      | XOM: scenery: summon butterflies
  1738 | D:3      | Reached skill level 5 in Fighting
  1765 | D:3      | XOM: 1-stop teleportation journey
  1772 | D:3      | Reached XP level 5. HP: 39/48 MP: 3/3
  1805 | D:3      | XOM: give mutations
  1805 | D:3      | Gained mutation: Potions are less effective at restoring
                  | your health. [Xom's mischief]
  1805 | D:3      | Gained mutation: Your health recovers twice as slowly from
                  | being drained. [Xom's mischief]
  1877 | D:3      | XOM: 1-stop teleportation journey
  1982 | D:3      | XOM: noise
  1986 | D:3      | XOM: butterfly on damage
  1992 | D:3      | Reached skill level 5 in Axes
  1992 | D:3      | Slain by a gnoll

Illustrated notes

Levels and vault maps discovered:
D:1:      sevenhm_arrival_forest_fort_small_6, layout_loops_ring, serial_shops,
          nicolae_shop_behind_doors
D:2:      layout_loops_ring, basic_altar, kennysheep_generic_room_5
D:3:      layout_basic, serial_shops, nicolae_shop_advertising_works
          [nicolae_subvault_shop_adworks]

Skill      XL: |  1  2  3  4  5 |
---------------+----------------+-----
Fighting       | 4 5 |  5.1
Axes           | 4 5 |  5.0
Armour         | 3 4 |  4.2
Dodging        | |  1.1

Action                     |  1- 3 |  4- 6 || total
---------------------------+-------+-------++-------
  Melee: Hand axe          |    79 |    16 ||    95
         Headbutt          |    11 |     3 ||    14
         Punch             |     1 |       ||     1
    Use: Scroll            |     3 |       ||     3
   Stab: Paralysed         |     1 |       ||     1
 Armour: Leather armour    |    49 |    11 ||    60
  Dodge: Dodged            |    37 |    12 ||    49
